 Dungeon Crawl Stone Soup version 0.19.1 (webtiles) character file.

193 Peloso the Covered (level 5, 0/45 HPs)
             Began as a Ghoul Fighter on Dec 8, 2016.
             Slain by a leopard gecko (2 damage)
             ... on level 3 of the Dungeon.
             The game lasted 00:06:00 (1928 turns).

Peloso the Covered (Ghoul Fighter)                  Turns: 1928, Time: 00:06:00

Health: 0/45       AC:  9    Str: 20    XL:     5   Next: 72%
Magic:  4/4        EV: 10    Int:  3    God:
Gold:   32         SH:  9    Dex: 14    Spells: 0 memorised, 4 levels left

rFire  + . .     SeeInvis .     a - +0 long sword
rCold  . . .     Gourm    .     j - +0 chain mail
rNeg   + + +     Faith    .     c - +0 shield
rPois  ∞         Spirit   .     (no helmet)
rElec  .         Reflect  .     (no cloak)
rCorr  .         Harm     .     (no gloves)
MR     .....                    (no boots)
Stlth  ..........               (no amulet)
                                (no ring)
                                e - ring of fire

@: agile, very slightly contaminated, rotting, hasted, very quick
A: rotting body, claws 1, carnivore 3, cold resistance 1, negative energy
resistance 3, slow regeneration 1, torment resistance, unbreathing
a: no special abilities


You were on level 3 of the Dungeon.
You were not hungry.

You visited 1 branch of the dungeon, and saw 3 of its levels.

You collected 32 gold pieces.

Inventory:

Hand Weapons
 a - a +0 long sword (weapon)
Armour
 b - a +0 scale mail
 c - a +0 shield (worn)
 j - a +0 chain mail (worn)
Jewellery
 e - a ring of fire (left claw)
 q - an uncursed ring of resist corrosion {unknown}
Scrolls
 h - 4 scrolls of identify {unknown}
 k - a scroll of random uselessness {unknown}
 l - a scroll of magic mapping {unknown}
 n - 2 scrolls of teleportation {unknown}
 p - a scroll of enchant armour {unknown}
 u - a scroll of remove curse {unknown}
 v - a scroll of noise {unknown}
Potions
 d - 4 potions of might
 g - 2 potions of agility
 i - a potion of haste
 r - a potion of magic {unknown}
 s - a potion of lignification {unknown}
 t - a potion of cancellation {unknown}
Comestibles
 f - 2 meat rations
 m - 2 chunks of flesh
 o - a beef jerky


   Skills:
 + Level 3.5 Fighting
 + Level 3.3 Long Blades
 + Level 3.7 Armour
 + Level 0.1 Dodging
 + Level 3.7 Shields


You had 4 spell levels left.
You didn't know any spells.

Dungeon Overview and Level Annotations

Branches:
Dungeon (3/15)

Altars:
Nemelex Xobeh


Innate Abilities, Weirdness & Mutations

Your body is rotting away.
You thrive on raw meat.
You are immune to poison.
You have sharp fingernails.
You are carnivorous and can eat meat at any time.
Your flesh is cold resistant. (rC+)
You are immune to negative energy. (rN+++)
You regenerate slowly when monsters are visible.
You are immune to unholy pain and torment.
You can survive without breathing.


Message History

The orc wizard is severely wounded.
You block the orc wizard's attack.
You barely miss the orc wizard.
The orc wizard is severely wounded.
The orc wizard closely misses you.
You hit the orc wizard.
The orc wizard is almost dead.
You block the orc wizard's attack.
You closely miss the orc wizard.
The orc wizard is almost dead.
You closely miss the orc wizard.
The orc wizard is almost dead.
The orc wizard hits you with a dagger.
* * * LOW HITPOINT WARNING * * *
You slash the orc wizard!
You kill the orc wizard!
You closely miss the leopard gecko.
The leopard gecko bites you but does no damage.
You barely miss the leopard gecko. The leopard gecko bites you.
You die...

..<).......#..#
##.#####.#.##.##
.#.....#.#.##..#
...........###.########
.#####.#.##............
.##....#.##.###.#######
....####.##.#..........
..### #.##.#.#..######.
..# #.##.#...@.......
..######.##.####l######.
....[.....#.# #.#
..#########.# #g# ..#
#..# ..# .#.# ### .. ..
... #.# $... ..


You could see a leopard gecko and a hobgoblin.

Vanquished Creatures
  2 orc priests (D:3)
  An orc wizard (D:3)
  4 gnolls
  4 worms
  A dart slug (D:3)
  A leopard gecko (D:1)
  2 orcs (D:3)
  3 giant cockroaches
  3 goblins
  8 hobgoblins
  4 jackals (D:2)
  12 bats
  A frilled lizard (D:2)
  6 kobolds
  7 rats
59 creatures vanquished.

Notes
Turn   | Place    | Note
-------+----------+-------------------------------------------
     0 | D:1      | Peloso the Ghoul Fighter began the quest for the Orb.
     0 | D:1      | Reached XP level 1. HP: 19/19 MP: 0/0
   138 | D:1      | Reached XP level 2. HP: 20/26 MP: 1/1
   547 | D:2      | Reached XP level 3. HP: 31/31 MP: 2/2
   776 | D:2      | Found a sparkling altar of Nemelex Xobeh.
  1134 | D:2      | Reached XP level 4. HP: 34/38 MP: 3/3
  1356 | D:3      | Found a faded altar of an unknown god.
  1874 | D:3      | Reached XP level 5. HP: 38/45 MP: 4/4
  1923 | D:3      | HP: 2/45 [orc wizard/dagger (1)]
  1928 | D:3      | Slain by a leopard gecko

Skill      XL: |  1  2  3  4 |
---------------+-------------+-----
Long Blades    | 2 3 |  3.3
Shields        | 3 |  3.7
Armour         | 3 |  3.7
Fighting       | |  3.5
Dodging        | |  0.1

Action                   |  1- 3 |  4- 6 || total
-------------------------+-------+-------++-------
Melee: Long sword        |   196 |    91 ||   287
  Use: Potion            |       |     2 ||     2
  Eat: Chunk             |     3 |     1 ||     4
Armor: Scale mail        |    30 |       ||    30
       Chain mail        |    82 |    33 ||   115
Dodge: Dodged            |    55 |    18 ||    73
Block: Shield            |   118 |    38 ||   156
       Rpst.: Long sword |    19 |     5 ||    24
